 Dungeon Crawl Stone Soup version 0.23.2-33-g5129a83184 (webtiles) character file.

Game seed: 15144176800432859192

920 Matador8 the Reanimator (level 7, -9/47 HPs)
             Began as a Demonspawn Necromancer on June 26, 2019.
             Shot with an arrow by a centaur (12 damage)
             ... on level 6 of the Dungeon.
             The game lasted 00:33:38 (5611 turns).

Matador8 the Reanimator (Demonspawn Necromancer)    Turns: 5611, Time: 00:33:40

Health: -9/47      AC:  3    Str:  9    XL:     7   Next: 83%
Magic:  13/15      EV: 12    Int: 23    God:
Gold:   328        SH:  0    Dex: 13    Spells: 4/16 levels left

rFire    . . .     SeeInvis .   b - +0 blowgun
rCold    . . .     Gourm    .   (no shield)
rNeg     . . .     Faith    .   t - +0 robe
rPois    .         Spirit   .   (no helmet)
rElec    .         Reflect  .   (no cloak)
rCorr    .         Harm     .   (no gloves)
MR       .....                  (no boots)
Stlth    ++........             (no amulet)
HPRegen  0.15/turn              (no ring)
MPRegen  0.14/turn              (no ring)

@: brilliant
A: rugged brown scales 1
a: no special abilities


You were on level 6 of the Dungeon.
You were not hungry.

You visited 1 branch of the dungeon, and saw 6 of its levels.

You collected 328 gold pieces.

Inventory:

Hand Weapons
 a - a +4 dagger of venom
 b - a +0 blowgun (weapon)
 A - a +2 short sword of draining
Missiles
 q - a throwing net
 r - 25 poisoned needles (quivered)
Armour
 k - a cursed +0 leather armour
 t - a +0 robe (worn)
 x - a +0 ring mail of poison resistance
 C - a +0 shield
Magical Staves
 v - an uncursed staff of poison {unknown}
Jewellery
 p - an uncursed ring of stealth {unknown}
Scrolls
 d - 3 scrolls of fog {unknown}
 e - 3 scrolls of teleportation
 f - 2 scrolls of remove curse
 g - 4 scrolls of noise
 h - a scroll of random uselessness {unknown}
 i - 2 scrolls of fear {unknown}
 n - 4 scrolls of magic mapping
 y - 2 scrolls of blinking {unknown}
 B - a scroll of identify {unknown}
Potions
 j - a potion of might {unknown}
 l - a potion of degeneration {unknown}
 m - a potion of agility {unknown}
 o - 2 potions of cancellation {unknown}
 s - a potion of curing
 u - 2 potions of flight {unknown}
 w - 2 potions of resistance {unknown}
 z - 2 potions of brilliance
Comestibles
 c - 6 rations
 D - 14 chunks of flesh


   Skills:
 - Level 3.0 Short Blades
 - Level 1.7 Dodging
 - Level 1.7 Stealth
 + Level 5.3 Spellcasting
 + Level 0.0 Charms
 - Level 8.0 Necromancy


You had 4 spell levels left.
You knew the following spells:

 Your Spells              Type           Power        Failure   Level  Hunger
a - Pain                  Necr           ####         1%          1    None
b - Animate Skeleton      Necr           N/A          1%          1    None
c - Vampiric Draining     Necr           ######....   1%          3    ##.....
d - Regeneration          Chrm/Necr      #####.....   1%          3    ##.....
e - Animate Dead          Necr           N/A          1%          4    ####...

Your spell library contained the following spells:

 Spells                   Type           Power        Failure   Level  Hunger
 Corona                   Hex            ###....      1%          1    None
 Ensorcelled Hibernation  Hex/Ice        ###...       1%          2    None
 Confuse                  Hex            ###.....     3%          3    ##.....
 Dazzling Spray           Conj/Hex       ###...       3%          3    ##.....
 Tukima's Dance           Hex            ###.....     3%          3    ##.....


Dungeon Overview and Level Annotations

Branches:
Dungeon (6/15)
 Temple: D:4-7

Altars:
Ashenzari
Hepliaklqana
Okawaru
Ru


Innate Abilities, Weirdness & Mutations

You are partially covered in rugged brown scales. (AC +1, +3% HP)


Message History

The centaur looks more healthy.
The centaur shoots an arrow.
The arrow closely misses your leopard gecko zombie.
The arrow misses you.
Your orc skeleton hits the centaur with a +0 flail.
Your leopard gecko zombie bites the centaur.
The centaur shoots an arrow.
The arrow closely misses your leopard gecko zombie.
The arrow hits you!
* * * LOW HITPOINT WARNING * * *
The centaur shoots an arrow.
The arrow hits your leopard gecko zombie!
Your leopard gecko zombie is destroyed!
Your orc skeleton hits the centaur but does no damage.
The centaur shoots an arrow.
The arrow hits your orc wizard skeleton!
Your orc wizard skeleton barely misses the centaur.
The centaur shoots an arrow.
The arrow barely misses your orc wizard skeleton.
The arrow hits you!
You die...

#...... ....... .....##
......[..... .# . ###...
...........##.# .. ##..# .
............. #... #...#..
..........# .... .......
.###.......###..# ...#..
...........Zca.# ...##
#.........Z#...c... ....#
#. #......@.(##......#
.>.####.###.....####
.....<. (.....#..[.......#
.....#..
.........#.......###....##
.
...........##.......#####
............#..#....#
.Z.##..........##..##
....##.....#.#######
#....#..>.....#


You could see a centaur, a worker ant, a friendly orc skeleton and a friendly
orc wizard skeleton.

Vanquished Creatures
  A sky beast (D:5)
  A scorpion (D:5)
  2 howler monkeys (D:5)
  2 hounds
  2 orc priests (D:3)
  A jelly (D:5)
  3 orc wizards
  A centaur skeleton (D:4)
  Terence (D:3)
  5 worker ants
  6 adders
  A shadow imp (D:5)
  5 oozes
  4 dart slugs
  4 leopard geckos
  14 orcs
  5 bats
  5 giant cockroaches
  10 goblins
  4 hobgoblins
  2 jackals (D:1)
  2 quokkas
  A ball python (D:3)
  8 frilled lizards
  17 kobolds
  2 leopard gecko skeletons (D:4)
  8 rats
117 creatures vanquished.

Vanquished Creatures (collateral kills)
  An ogre (D:5)
  A hound (D:5)
  A hound zombie (D:5)
  A leopard gecko (D:6)
  5 orcs
  A quokka (D:4)
10 creatures vanquished.

Grand Total: 127 creatures vanquished

Notes
Turn   | Place    | Note
-------+----------+-------------------------------------------
     0 | D:1      | Matador8 the Demonspawn Necromancer began the quest for the
                  | Orb.
     0 | D:1      | Reached XP level 1. HP: 13/13 MP: 3/3
   199 | D:1      | Gained mutation: You are partially covered in rugged brown
                  | scales. (AC +1, +3% HP) [demonic ancestry]
   199 | D:1      | Reached XP level 2. HP: 4/19 MP: 1/5
   519 | D:1      | Learned a level 1 spell: Animate Skeleton
  1004 | D:1      | Reached skill level 5 in Necromancy
  1004 | D:1      | Reached XP level 3. HP: 24/24 MP: 7/7
  1169 | D:1      | Learned a level 3 spell: Vampiric Draining
  1705 | D:2      | Learned a level 3 spell: Regeneration
  1763 | D:2      | Reached XP level 4. HP: 28/30 MP: 3/8
  2776 | D:3      | Reached XP level 5. HP: 32/36 MP: 10/10
  2846 | D:3      | Found a sacrificial altar of Ru.
  2854 | D:3      | Reached skill level 1 in Short Blades
  2948 | D:3      | Reached skill level 6 in Necromancy
  3368 | D:3      | Noticed Terence
  3374 | D:3      | Killed Terence
  3374 | D:3      | Reached XP level 6. HP: 28/42 MP: 3/11
  3689 | D:4      | Learned a level 4 spell: Animate Dead
  3715 | D:4      | Found a hazy altar of Hepliaklqana.
  3746 | D:4      | Found an iron altar of Okawaru.
  4284 | D:5      | Entered Level 5 of the Dungeon
  4496 | D:5      | Reached skill level 7 in Necromancy
  4496 | D:5      | Reached XP level 7. HP: 34/47 MP: 5/13
  4808 | D:5      | Found a shattered altar of Ashenzari.
  5106 | D:5      | Reached skill level 5 in Spellcasting
  5534 | D:6      | Reached skill level 8 in Necromancy
  5611 | D:6      | Shot with an arrow by a centaur

Skill      XL: |  1  2  3  4  5  6  7 |
---------------+----------------------+-----
Necromancy     | 5 6 7 8 |  8.0
Spellcasting   | 3 4 5 |  5.3
Short Blades   | 2 3 |  3.0
Dodging        | |  1.7
Stealth        | |  1.7

Action                   |  1- 3 |  4- 6 |  7- 9 || total
-------------------------+-------+-------+-------++-------
Melee: Dagger            |    52 |   132 |    39 ||   223
 Fire: Blowgun           |       |       |     3 ||     3
 Cast: Pain              |    27 |    44 |    17 ||    88
       Animate Skeleton  |     4 |    19 |     5 ||    28
       Vampiric Draining |     1 |    19 |     9 ||    29
       Animate Dead      |       |     2 |     2 ||     4
  Use: Potion            |       |     1 |     2 ||     3
       Scroll            |       |     4 |     1 ||     5
 Stab: Sleeping          |     4 |     4 |       ||     8
       Distracted        |       |     1 |       ||     1
  Eat: Chunk             |     3 |     6 |       ||     9
       Ration            |       |     2 |     1 ||     3
Armor: Robe              |     5 |    28 |     8 ||    41
Dodge: Dodged            |    25 |    78 |    24 ||   127
